 Dungeon Crawl Stone Soup version 0.28-a0-317-g21599a725c (webtiles) character file.

Game seed: 4587918094153149106

66 McIrco the Ducker (level 3, -10/28 HPs)
             Began as a Spriggan Berserker on Sept 1, 2021.
             Was a Believer of Trog.
             Killed by divine providence
             ... invoked by an orc priest
              (12 damage)
             ... on level 3 of the Dungeon.
             The game lasted 00:01:08 (1742 turns).

McIrco the Ducker (Spriggan Berserker)              Turns: 1742, Time: 00:01:08

Health: -10/28     AC:  2    Str: 13    XL:     3   Next: 96%
Magic:  4/4        EV: 19    Int:  8    God:    Trog [**....]
Gold:   70         SH:  0    Dex: 15    Spells: 2/2 levels left

rFire   . . .      SeeInvis +   a - +0 short sword
rCold   . . .      Faith    .   (shield restricted)
rNeg    . . .      Spirit   .   b - +0 animal skin
rPois   .          Reflect  .   (helmet restricted)
rElec   .          Harm     .   (no cloak)
rCorr   .          Rampage  .   (gloves unavailable)
Will    .....                   (boots unavailable)
Stlth   ..........              (no amulet)
HPRegen 0.09/turn               (no ring)
MPRegen 0.09/turn               (no ring)

@: berserking, very quick
A: very small, no large weapons, unfitting armour, see invisible, speed 3
a: Renounce Religion, Berserk, Trog's Hand


You were on level 3 of the Dungeon.
You worshipped Trog.
Trog was pleased with you.
You visited 1 branch of the dungeon, and saw 3 of its levels.

You collected 70 gold pieces.

Inventory:

Hand Weapons
 a - a +0 short sword (weapon)
Armour
 b - a +0 animal skin (worn)
Scrolls
 d - a scroll of identify {unknown}
 e - a scroll of teleportation {unknown}
 f - 2 scrolls of brand weapon {unknown}
Potions
 c - a potion of haste {unknown}
 g - 2 potions of heal wounds {unknown}
 h - a potion of mutation {unknown}
 i - a potion of curing {unknown}


   Skills:
 + Level 2.9 Fighting
 + Level 4.2 Short Blades
 + Level 4.7 Dodging
 + Level 1.7 Stealth


You had 2 spell levels left.
You didn't know any spells.
Your spell library was empty.

Dungeon Overview and Level Annotations

Branches:
Dungeon (3/15)

Altars:


Innate Abilities, Weirdness & Mutations

You are very small and have problems with some larger weapons.
You are too small for most types of armour.
You have supernaturally acute eyesight. (SInv)
You cover ground extremely quickly. (Speed+++)


Message History

The orc shouts!
A red film seems to cover your vision as you go berserk!
You feel yourself moving faster!
You feel mighty!
The adder hisses angrily.
An orc priest comes into view. It is wielding a +0 flail.
The orc wizard completely misses you.
You miss the orc wizard. You puncture the orc wizard!
The orc wizard is severely wounded.
The orc wizard hits you with a +0 dagger.
You barely miss the orc wizard.
The orc wizard is severely wounded.
A ball python comes into view.
You closely miss the orc wizard.
The orc wizard is severely wounded.
The orc barely misses you. The orc wizard casts a spell at you.
You resist with some effort.
The orc priest invokes the aid of Beogh against you.
Beogh smites you!
* * * LOW HITPOINT WARNING * * *
You puncture the orc wizard!
You kill the orc wizard!
Trog accepts your kill.
Trog appreciates your killing of a magic user.
Your Short Blades skill increases to level 4!
You hit the orc.
The orc is almost dead.
You puncture the orc!
You kill the orc!
Trog accepts your kill.
You closely miss the orc. You puncture the orc!
You kill the orc!
Trog accepts your kill. The adder misses you.
You barely miss the adder. The adder barely misses you.
The orc priest mumbles some strange prayers to Beogh against you.
Beogh smites you!
You die...

.. ##. ####.. ###
#.<... ... #.# ..
#.##.$ #.# #.##o.....
#.# #.)S.S.... #.#
#@# #.# #.# #
#.######.####.#.###.#
#....<..............#
#######.#####.#.#####
#.# #..... #.#
##...#.# #.# .......
#.# ...#...


You could see an orc priest, an adder and a ball python.

Vanquished Creatures
  An orc wizard (D:3)
  An adder (D:2)
  2 orcs (D:3)
  3 ball pythons
  3 bats
  5 endoplasms
  2 giant cockroaches (D:1)
  A hobgoblin (D:2)
  2 quokkas (D:1)
  3 frilled lizards
  A kobold (D:2)
  7 rats
31 creatures vanquished.

Notes
Turn   | Place    | Note
-------+----------+-------------------------------------------
     0 | D:1      | McIrco the Spriggan Berserker began the quest for the Orb.
     0 | D:1      | Reached XP level 1. HP: 11/11 MP: 2/2
   114 | D:1      | Found a faded altar of an unknown god.
   318 | D:1      | Reached XP level 2. HP: 15/16 MP: 3/3
  1024 | D:2      | Reached ** piety under Trog
  1196 | D:2      | Reached skill level 1 in Stealth
  1196 | D:2      | Reached XP level 3. HP: 14/19 MP: 4/4
  1742 | D:3      | Killed from afar by an orc priest

Illustrated notes

Levels and vault maps discovered:
D:1:      dpeg_arrival_orchard, layout_rooms, shapermc_ecumenical_altar_pompeii
D:2:      layout_basic
D:3:      layout_loops_ring, mainiacjoe_overflow_swirl, vehumet_statue

Skill      XL: |  1  2  3 |
---------------+----------+-----
Stealth        | 1 |  1.7
Short Blades   | 4 |  4.2
Fighting       | |  2.9
Dodging        | |  4.7

Action                   || total
-------------------------++-------
Melee: Short sword       ||    94
Invok: Berserk           ||     2
 Stab: Sleeping          ||     4
Armor: Animal skin       ||     9
Dodge: Dodged            ||    50

Table legend: (Time is in decaauts)
 A = Elapsed time spent in this place.
 B = Non-inter-level travel time spent in this place.
 C = Inter-level travel time spent in this place.
 D = Time resting spent in this place.
 E = Time spent auto-exploring this place.
 F = Levels seen in this place.
 G = Mean time per level.
                   A        B        C        D        E       F      G
               +--------+--------+--------+--------+--------+-----+--------+
         Total |   1272 |   1243 |     29 |     40 |   1039 |   3 |  424.0 |
       Dungeon |   1272 |   1243 |     29 |     40 |   1039 |   3 |  424.0 |
               +--------+--------+--------+--------+--------+-----+--------+

Top non-repeatable levels by time:
     D:2: 710 daAuts
     D:1: 548 daAuts
     D:3: 14 daAuts
